 Dungeon Crawl Stone Soup version 0.17.2-1-ge4368a0 (webtiles) character file.

242 Jonno22 the Shield-Bearer (level 6, -1/70 HPs)
             Began as a Human Fighter on Aug 19, 2016.
             Was a Follower of Okawaru.
             Slain by a wyvern skeleton (4 damage)
             ... on level 4 of the Dungeon.
             The game lasted 00:56:31 (3953 turns).

Jonno22 the Shield-Bearer (Human Fighter)           Turns: 3953, Time: 00:56:32

Health: -1/70      AC: 23    Str: 19    XL:     6   Next: 31%
Magic:  7/7        EV:  2    Int:  8    God:    Okawaru [*.....]
Gold:   153        SH: 10    Dex: 12    Spells: 0 memorised, 5 levels left

rFire  . . .     SeeInvis .     u - -1 club (curse)
rCold  . . .     Clarity  .     (armour currently unavailable)
rNeg   + + +     SustAt   .     c - +1 shield
rPois  +         Gourm    .     (helmet currently unavailable)
rElec  .         Spirit   .     (cloak currently unavailable)
rCorr  .         Warding  .     (gloves currently unavailable)
rMut   .         NoTele   +     (boots currently unavailable)
MR     .....                    (no amulet)
Stlth  ++........               (no ring)
                                (no ring)

@: tree-form, drained, not resistant to hostile enchantments, unstealthy
A: no striking features
a: Heroism, Renounce Religion


You were on level 4 of the Dungeon.
You worshipped Okawaru.
Okawaru was aware of your devotion.
You were not hungry.
You were a tree.
You visited 1 branch of the dungeon, and saw 4 of its levels.

You collected 153 gold pieces.

Inventory:

Hand Weapons
 a - a +1 long sword
 o - a +0 blowgun
 u - a cursed -1 club (weapon)
 v - a +0 hand axe
 w - a +1 dagger of freezing
 x - a +0 hand axe
 y - a +0 hand axe
 z - a +0 short sword
 A - a +0 short sword
 H - a +0 dagger
 J - a cursed +0 mace
Missiles
 h - 30 arrows (quivered)
 m - 31 poisoned needles
 t - 40 stones
Armour
 c - a +1 shield (worn)
 f - a +0 buckler
 g - a +0 pair of boots (melded)
 i - a cursed +0 robe
 j - a +0 chain mail
 k - a +0 scale mail
 B - a cursed +0 chain mail (melded)
 C - a +0 leather armour
 D - a +0 ring mail
 I - a +0 robe
 K - a +0 leather armour
Scrolls
 L - a scroll of identify
Potions
 d - 2 potions of might
 p - 3 potions of agility
 E - a potion of mutation {unknown}
 G - a potion of magic {unknown}
Miscellaneous
 F - an ornate deck of destruction {drawn: 3}


   Skills:
 + Level 3.5(3.3) Fighting
 + Level 2.6(2.4) Long Blades
 + Level 3.6(3.4) Armour
 + Level 1.9(1.6) Dodging
 + Level 0.9(0.7) Stealth
 + Level 4.5(4.3) Shields
 + Level 0.4(0.2) Invocations
 * Level 1.6(1.3) Evocations


You had 5 spell levels left.
You didn't know any spells.

Dungeon Overview and Level Annotations

Branches:
Dungeon (4/15)
 Temple: D:4-7

Altars:
Nemelex Xobeh
Okawaru


Message History

The wyvern skeleton bites you but does no damage.
The quokka bites you but does no damage.
You hit the wyvern skeleton. The wyvern skeleton barely misses you.
The quokka bites you but does no damage.
The wyvern skeleton bites you but does no damage.
You block the quokka's attack.
You barely miss the wyvern skeleton.
The wyvern skeleton completely misses you.
The quokka bites you but does no damage.
The wyvern skeleton bites you but does no damage.
You hit the wyvern skeleton.
The quokka bites you but does no damage.
You block the wyvern skeleton's attack. You block the quokka's attack.
The wyvern skeleton bites you.
* * * LOW HITPOINT WARNING * * *
You hit the wyvern skeleton but do no damage.
The quokka bites you but does no damage.
You block the wyvern skeleton's attack. You block the quokka's attack.
The wyvern skeleton bites you.
You die...

.. .. ... ...
.... ....
#####....
....###.......#
............#
###.........#
........♣....#
.......rZ.$..#
.............#
...........(.#
.............#
......##.....#
.......<.....#
......###.####
..... .#


You could see a quokka and a wyvern skeleton.

Vanquished Creatures
  The ghost of aredel the Stinger, an amateur OpTm (D:3)
  A small abomination (D:3)
  An orc priest (D:3)
  An orc wizard (D:3)
  3 adders (D:3)
  2 worms
  2 giant geckos
  7 orcs (D:3)
  2 ball pythons
  5 bats
  8 giant cockroaches
  7 hobgoblins
  4 jackals (D:3)
  A quokka (D:2)
  4 giant newts
  8 goblins
  8 kobolds
  8 rats
73 creatures vanquished.

Notes
Turn   | Place    | Note
--------------------------------------------------------------
     0 | D:1      | Jonno22 the Human Fighter began the quest for the Orb.
     0 | D:1      | Reached XP level 1. HP: 18/18 MP: 1/1
   210 | D:1      | Reached XP level 2. HP: 18/24 MP: 2/2
   585 | D:1      | Reached XP level 3. HP: 29/29 MP: 3/3
   813 | D:1      | Reached skill level 1 in Dodging
  1273 | D:2      | Found a sparkling altar of Nemelex Xobeh.
  1307 | D:2      | Became a worshipper of Nemelex Xobeh the Trickster
  1317 | D:2      | Received a gift from Nemelex Xobeh
  1360 | D:2      | Found a faded altar to an unknown god.
  1373 | D:2      | Fell from the grace of Nemelex Xobeh
  1373 | D:2      | Became a worshipper of Warmaster Okawaru
  1373 | D:2      | Reached * piety under Okawaru
  2517 | D:3      | XOM: silly message
  2523 | D:3      | Noticed aredel's ghost (amateur OpTm)
  2541 | D:3      | HP: 1/29 [aredel's ghost (4)]
  2624 | D:3      | Killed aredel's ghost
  2624 | D:3      | Reached skill level 4 in Shields
  2624 | D:3      | Reached XP level 4. HP: 14/35 MP: 2/4
  2624 | D:3      | Reached XP level 5. HP: 16/41 MP: 2/5
  2923 | D:3      | XOM: medium Ice miscast
  3090 | D:3      | Reached skill level 1 in Evocations
  3534 | D:3      | Reached XP level 6. HP: 19/47 MP: 6/6
  3952 | D:4      | HP: 2/70 [wyvern skeleton (5)]
  3953 | D:4      | Slain by a wyvern skeleton

Action                   |  1- 3 |  4- 6 || total
-------------------------+-------+-------++-------
Melee: Long sword        |   168 |   110 ||   278
       Dagger            |       |    26 ||    26
       Club              |       |    23 ||    23
Invok: Heroism           |     2 |     1 ||     3
Evoke: Deck              |       |     3 ||     3
  Use: Scroll            |     8 |     2 ||    10
       Potion            |     3 |     1 ||     4
  Eat: Bread ration      |     2 |     1 ||     3
